AoeStats
← joosephy

Black Forest

509061227Analyzed
4v4 RM · 6d ago on Sep 25, 2026· 64m 45s· 8 players
Game mode
Random Map
Map size
Large (8 player)
Population
200
Speed
Normal
Resources
Standard
Victory
Conquest
Starting age
Dark Age
Ending age
Imperial Age
RankedLock teamsTeams togetherTeam positionsShared explorationLock speedFull tech treeHidden civsTurbo modeCheats
Victory
Defeat
🇿🇦 Ethiopians · South Africa
1595
+17
🇹🇷 Varangians · Türkiye
1587
+18
🇪🇸 Ethiopians · Spain
1562
+19
🇭🇰 Danes · Hong Kong SAR China
1527
+20
🇹🇼 Dravidians · Taiwan
1662
-20
🇺🇸 Teutons · United States
1616
-18
🇨🇳 Huns · China
1606
-18
🇨🇳 Bengalis · China
1600
-18
Pelopincho
7:08 Loom
9:16 Feudal Age
9:48 Double-Bit Axe
12:09 Fletching
20:23 Castle Age
18:16 Horse Collar
18:29 Gold Mining
18:43 Padded Archer Armor
19:43 Town Watch
20:33 Wheelbarrow
21:23 Bow Saw
20:37 Elite Skirmisher
20:40 Crossbowman
21:16 Bodkin Arrow
22:49 Heavy Plow
26:31 Stone Mining
27:16 Gold Shaft Mining
28:48 Stone Shaft Mining
33:59 Imperial Age
32:32 Hand Cart
33:06 Ballistics
33:43 Scale Mail Armor
33:53 Forging
33:46 Squires
33:32 Arson
34:50 Chain Mail Armor
34:05 Halberdier
35:49 Two-Man Saw
35:52 Chemistry
34:21 Onager
36:25 Iron Casting
36:13 Conscription
35:39 Capped Ram
35:47 Heavy Scorpion
36:46 Siege Ram
37:46 Caravan
38:11 Torsion Engines
39:25 Plate Mail Armor
39:55 Blast Furnace
43:39 Siege Onager
44:46 Bracer
49:26 Leather Archer Armor
49:37 Siege Engineers
49:42 Masonry
49:28 Murder Holes
52:13 Ring Archer Armor
54:05 Royal Heirs
53:26 Elite Shotel Warrior
Sean
10:38 Feudal Age
11:43 Double-Bit Axe
14:25 Castle Age
13:53 Horse Collar
15:42 Bow Saw
19:40 Wheelbarrow
19:01 Loom
20:30 Gold Mining
22:26 Hand Cart
23:30 Heavy Plow
27:43 Imperial Age
25:19 Stone Mining
26:29 Gold Shaft Mining
26:05 Forging
25:56 Scale Mail Armor
27:08 Pikeman
27:49 Squires
27:51 Onager
27:53 Halberdier
28:49 Chain Mail Armor
29:58 Iron Casting
30:10 Plate Mail Armor
30:38 Ballistics
30:26 Siege Engineers
31:53 Conscription
30:54 Hamask
32:14 Siege Onager
32:55 Northmen's Fury
34:20 Iron Casting
38:21 Blast Furnace
40:05 Caravan
43:48 Capped Ram
45:34 Hoardings
45:10 Masonry
49:42 Guard Tower
49:37 Arrowslits
50:43 Ballistics
51:23 Chemistry
50:59 Keep
52:41 Town Watch
53:27 Siege Ram
57:51 Coinage
59:57 Banking
60:30 Murder Holes
63:18 Fletching
63:20 Heated Shot
Sekov
0:59 Loom
11:50 Feudal Age
12:59 Town Watch
15:35 Castle Age
14:18 Bloodlines
14:15 Scale Barding Armor
15:03 Double-Bit Axe
19:53 Husbandry
20:09 Forging
20:16 Bow Saw
23:34 Horse Collar
23:48 Gold Mining
23:54 Stone Mining
25:03 Wheelbarrow
35:46 Imperial Age
33:57 Forging
33:11 Light Cavalry
35:10 Hand Cart
35:46 Squires
37:05 Chain Barding Armor
36:56 Cavalier
38:14 Iron Casting
38:12 Heavy Plow
38:52 Conscription
37:53 Vendel Legacy
39:11 Plate Barding Armor
40:11 Blast Furnace
39:44 Masonry
41:10 Architecture
40:56 Pikeman
41:01 Elite Jarl
43:06 Fletching
45:54 Hussar
48:55 Halberdier
50:02 Caravan
50:22 Bodkin Arrow
51:04 Bracer
52:08 Coinage
52:32 Padded Archer Armor
53:33 Chemistry
52:54 Ballistics
53:59 Guilds
54:21 Banking
58:35 Treadmill Crane
63:42 Two-Man Saw
63:14 Crop Rotation
Pielover757
0:49 Loom
11:14 Feudal Age
14:45 Castle Age
12:53 Double-Bit Axe
13:59 Gold Mining
14:34 Town Watch
16:55 Horse Collar
25:16 Bow Saw
26:10 Wheelbarrow
30:42 Imperial Age
28:46 Fletching
28:57 Padded Archer Armor
29:29 Crossbowman
30:14 Thumb Ring
31:00 Ballistics
30:50 Bodkin Arrow
32:27 Chemistry
33:08 Torsion Engines
34:04 Bracer
34:12 Arbalester
34:41 Elite Skirmisher
37:09 Leather Archer Armor
37:18 Conscription
37:35 Masonry
39:53 Two-Man Saw
39:44 Ring Archer Armor
41:50 Town Patrol
42:06 Hand Cart
45:16 Siege Engineers
48:33 Architecture
52:06 Caravan
Benedict Cucumberpatch
3:56 Loom
10:51 Feudal Age
12:35 Double-Bit Axe
14:59 Castle Age
12:53 Horse Collar
14:16 Gold Mining
15:43 Heavy Plow
15:53 Bow Saw
18:06 Wheelbarrow
20:47 Hand Cart
24:34 Stone Mining
29:25 Imperial Age
26:59 Scale Mail Armor
27:00 Squires
27:46 Forging
26:57 Pikeman
28:45 Fortified Wall
30:02 Chain Mail Armor
29:34 Onager
31:04 Iron Casting
31:41 Conscription
31:21 Fletching
32:01 Siege Engineers
33:34 Chemistry
32:19 Halberdier
34:13 Crenellations
33:47 Fletching
34:19 Ballistics
35:32 Plate Mail Armor
36:08 Bodkin Arrow
39:31 Elite Teutonic Knight
40:45 Padded Archer Armor
45:46 Blast Furnace
45:24 Caravan
45:56 Masonry
46:25 Hoardings
46:33 Siege Onager
57:06 Arrowslits
joosephy
7:18 Loom
11:04 Feudal Age
14:36 Castle Age
15:24 Double-Bit Axe
15:29 Town Watch
30:30 Fortified Wall
33:09 Wheelbarrow
33:23 Stone Mining
35:06 Gold Mining
35:24 Horse Collar
38:40 Masonry
39:05 Hand Cart
44:23 Imperial Age
42:49 Thumb Ring
43:26 Fletching
44:17 Bow Saw
44:58 Bodkin Arrow
45:25 Ballistics
45:50 Conscription
46:17 Murder Holes
46:13 Pikeman
46:53 Squires
47:10 Forging
48:36 Chemistry
50:27 Medical Corps
50:24 Bracer
50:46 Bombard Tower
52:02 Halberdier
59:46 Iron Casting
59:11 Scale Mail Armor
60:27 Two-Man Saw
张宇腾
11:24 Feudal Age
12:07 Double-Bit Axe
15:04 Castle Age
13:40 Horse Collar
16:21 Bow Saw
16:43 Heavy Plow
18:22 Loom
22:26 Wheelbarrow
23:53 Gold Mining
23:54 Stone Mining
25:30 Gold Shaft Mining
28:43 Imperial Age
26:32 Hand Cart
27:56 Bloodlines
27:46 Husbandry
27:57 Scale Barding Armor
28:03 Forging
29:06 Chain Barding Armor
29:35 Fletching
29:46 Padded Archer Armor
29:23 Elite Elephant Archer
30:32 Conscription
30:22 Bodkin Arrow
31:35 Chemistry
31:03 Ballistics
31:45 Chemistry
31:44 Bracer
32:25 Leather Archer Armor
32:26 Guilds
32:42 Paiks
32:26 Light Cavalry
34:01 Ring Archer Armor
34:07 Chain Barding Armor
34:59 Iron Casting
35:45 Coinage
36:30 Plate Barding Armor
43:26 Blast Furnace
42:56 Caravan
43:26 Banking
63:04 Elite Skirmisher
小白
4:14 Loom
10:16 Feudal Age
11:33 Double-Bit Axe
14:02 Castle Age
15:27 Bow Saw
15:24 Scale Barding Armor
21:29 Horse Collar
24:15 Bloodlines
26:53 Wheelbarrow
28:01 Heavy Plow
27:52 Gold Mining
30:57 Gold Shaft Mining
33:04 Imperial Age
31:12 Chain Barding Armor
31:38 Forging
31:31 Husbandry
32:29 Hand Cart
32:21 Stone Mining
33:45 Marauders
34:10 Conscription
34:27 Plate Barding Armor
35:05 Two-Man Saw
34:07 Elite Tarkan
36:19 Iron Casting
36:40 Ballistics
37:16 Atheism
38:15 Blast Furnace
37:32 Fletching
38:44 Chemistry
39:05 Coinage
39:12 Masonry
39:14 Thumb Ring
39:47 Bodkin Arrow
40:19 Parthian Tactics
39:31 Heavy Cavalry Archer
40:42 Bracer
40:47 Padded Archer Armor
42:52 Leather Archer Armor
43:12 Banking
43:31 Guilds
44:02 Light Cavalry
53:36 Caravan
Connection lost

Rejoining the realm…

Still unreachable

The connection could not be restored.

Session expired

The server has moved on; the page needs a fresh start.